 Dungeon Crawl Stone Soup version 0.19.5 (webtiles) character file.

10789 Kisielow the Nimble (level 11, 0/89 HPs)
             Began as a Merfolk Transmuter on May 23, 2017.
             Was an Elder of Qazlal.
             Succumbed to a killer bee's poison
             ... on level 11 of the Dungeon.
             The game lasted 00:32:02 (11126 turns).

Kisielow the Nimble (Merfolk Transmuter)           Turns: 11126, Time: 00:32:03

Health: 0/89       AC:  4    Str: 16    XL:     11   Next: 67%
Magic:  12/15      EV: 20    Int: 20    God:    Qazlal [****..]
Gold:   529        SH:  5    Dex: 14    Spells: 3 memorised, 2 levels left

rFire  . . .     SeeInvis .       - Unarmed
rCold  . . .     Gourm    +     e - +0 troll leather armour {Snorg}
rNeg   . . .     Faith    .     (no shield)
rPois  .         Spirit   .     (no helmet)
rElec  .         Reflect  .     (no cloak)
rCorr  .         Harm     .     (no gloves)
MR     .....                    (no boots)
Stlth  +.........               s - amulet of the gourmand
                                y - +4 ring of strength
                                z - +6 ring of slaying

@: brilliant, lethally poisoned (0 -> -12), very slightly contaminated, repel
missiles
A: change form in water, swift swim, stealthy swim
a: Upheaval, Elemental Force, Renounce Religion


You were on level 11 of the Dungeon.
You worshipped Qazlal.
Qazlal was greatly pleased with you.
You were very full.

You visited 2 branches of the dungeon, and saw 12 of its levels.

You collected 529 gold pieces.

Inventory:

Hand Weapons
 q - the +4 whip of the Present {vamp, rElec rF+ Stlth-}
   (You took it off a gnoll on level 5 of the Dungeon)

   It inflicts no extra harm, but heals its wielder when it wounds a living foe.
   It protects you from fire.
   It insulates you from electricity.
   It makes you less stealthy.
Missiles
 a - 106 arrows
Armour
 e - a +0 troll leather armour (worn) {Snorg}
Jewellery
 k - an uncursed ring of wizardry
 r - an uncursed ring of protection from magic
 s - an amulet of the gourmand (around neck)
 t - an uncursed ring of wizardry
 v - an uncursed ring of protection from fire
 y - a +4 ring of strength (right hand)
 z - a +6 ring of slaying (left hand)
 B - an uncursed ring of protection from cold
Wands
 f - a wand of disintegration (20/24)
 C - a wand of slowing (31/48)
 D - a wand of lightning (9/15)
 E - a wand of disintegration (8/24)
 F - a wand of flame (28/48)
 G - a wand of enslavement (13/24)
 I - a wand of lightning (4/15)
Scrolls
 h - a scroll of amnesia
 i - 4 scrolls of remove curse
 o - 3 scrolls of recharging
 x - 3 scrolls of enchant armour
 A - 2 scrolls of teleportation
Potions
 l - 2 potions of brilliance
 w - 2 potions of lignification
Books
 b - a book of Cantrips

   Spells                             Type                      Level
   a - Confusing Touch                Hexes                        1
   b - Animate Skeleton               Necromancy                   1
   c - Summon Small Mammal            Summoning                    1
   d - Apportation                    Translocation                1
 c - a book of Changes

   Spells                             Type                      Level
   a - Beastly Appendage              Transmutation                1
   b - Sticks to Snakes               Transmutation                2
   c - Spider Form                    Transmutation/Poison         3
   d - Ice Form                       Ice/Transmutation            4
   e - Blade Hands                    Transmutation                5
Comestibles
 d - 8 bread rations
 g - 2 slices of pizza
 j - 5 meat rations
 m - 3 fruits
 n - 8 beef jerkies
 p - 10 royal jellies
 H - 9 chunks of flesh


   Skills:
 + Level 9.2 Fighting
 + Level 12.9 Dodging
 * Level 8.4 Unarmed Combat
 - Level 2.0 Spellcasting
 * Level 8.1 Transmutations
 - Level 6.6 Invocations
 - Level 6.1 Evocations


You had 2 spell levels left.
You knew the following spells:

 Your Spells              Type           Power        Failure   Level  Hunger
e - Ice Form              Ice/Tmut       ####....     4%          4    #####..
q - Spider Form           Tmut/Pois      ####......   1%          3    ###....
w - Blade Hands           Tmut           #####.....   2%          5    ######.


Dungeon Overview and Level Annotations

Branches:
Dungeon (11/15)            Temple (1/1) D:4            Lair (0/6) D:10
    Orc: D:9-12

Altars:
Ashenzari
Cheibriados
Dithmenos
Elyvilon
Fedhas
Gozag
Hepliaklqana
Kikubaaqudgha
Makhleb
Nemelex Xobeh
Okawaru
Qazlal
Ru
Sif Muna
Trog
Uskayaw
Vehumet
Xom
Yredelemnul
Zin
The Shining One

Shops:
D:8 =   D:10 **[!

Annotations:
D:7 exclusion: oklob plant


Message History

Your skill with magical items lets you calculate the power of this device...
This wand has 14 charges left.
* * * LOW HITPOINT WARNING * * *
You feel very sick.
Evoke which item? (* to show all) (? for menu, Esc to quit)
Zapping:
G - a wand of enslavement (14/24)
Press: ? - help, Shift-Dir - straight line, f/p - hill giant
Aim: a hill giant, wielding a giant spiked club (chance to defeat MR: 41%)
The hill giant is charmed.
This wand has 13 charges left.
* * * LOW HITPOINT WARNING * * *
You feel sick.
Casting: Spider Form
Confirm with . or Enter, or press ? or * to list all spells.
You miscast Spider Form.
You are very lightly contaminated with residual magic.
You feel sick.
* * * LOW HITPOINT WARNING * * *
You feel sick.
You feel clever all of a sudden.
You die...

#.#.....#.# ######
#.###.#.#<# #.....
#.....#.#.# #.....
#######.#.######.....
.. .#............
#C#######.######.....
#.#.....#.# #.....
#†###.#.#.# ###.##
#..C@.#...# ####.#
##†######## #..÷.#
#.†...... #.####
......... ##'#####
.......... #.......
#.......... +.......
#.........% #.......
+.......... #.......
#.......... #.......


You could see a friendly hill giant.

Vanquished Creatures
  Snorg (D:10)
  The ghost of maxonian the Blocker, a journeyman FoEE of Vehumet (D:10)
  Psyche (D:9)
  Grinder (D:4)
  A troll (D:10)
  2 hornets
  3 hippogriffs
  Sigmund (D:3)
  2 wyverns
  3 yaks (D:11)
  Eustachio (D:6)
  2 mottled dragons (D:11)
  2 soldier ants (D:8)
  Edmund (D:4)
  5 orc warriors
  3 black bears
  6 ogres
  A sky beast (D:5)
  4 phantoms
  An ice beast (D:8)
  A necrophage (D:8)
  The ghost of somefaggot the Cudgeler, an amateur HuBe of Trog (D:3)
  5 centaurs
  A crocodile (D:10)
  A big kobold (D:11)
  Blork the orc (D:6)
  4 bullfrogs
  A gnoll sergeant (D:9)
  3 scorpions
  20 killer bees
  3 wights (D:10)
  10 jellies (D:7)
  3 howler monkeys
  5 crimson imps
  2 quasits
  4 hounds
  2 bullfrog skeletons
  6 orc priests
  3 iguanas
  Ijyb (D:3)
  10 orc wizards
  10 worker ants
  A hound skeleton (D:8)
  Robin (D:3)
  A worker ant zombie (D:5)
  12 adders
  11 gnolls
  2 shadow imps
  13 oozes
  3 adder zombies
  An adder skeleton (D:7)
  2 worms
  3 leopard geckos
  36 orcs
  4 giant cockroaches
  16 goblins
  5 hobgoblins
  4 jackals (D:1)
  7 kobolds
  10 quokkas
  A ball python (D:1)
  4 bats
  12 frilled lizards
  6 rats
  4 plants (D:10)
298 creatures vanquished.

Vanquished Creatures (collateral kills)
  A water moccasin skeleton (D:9)
  2 killer bees (D:10)
  An adder skeleton (D:9)
4 creatures vanquished.

Vanquished Creatures (others)
  2 fungi (D:7)
2 creatures vanquished.

Grand Total: 304 creatures vanquished

Notes
Turn   | Place    | Note
-------+----------+-------------------------------------------
     0 | D:1      | Kisielow the Merfolk Transmuter began the quest for the Orb.
     0 | D:1      | Reached XP level 1. HP: 15/15 MP: 3/3
   205 | D:1      | Reached XP level 2. HP: 19/21 MP: 5/5
   911 | D:2      | Reached XP level 3. HP: 26/26 MP: 6/6
   919 | D:2      | Learned a level 3 spell: Spider Form
   989 | D:2      | Found a basalt altar of Yredelemnul.
  1019 | D:2      | You fall through a shaft for 2 floors!
  1019 | D:4      | Found a staircase to the Ecumenical Temple.
  1024 | Temple   | Entered the Ecumenical Temple
  1163 | Temple   | Became a worshipper of Qazlal Stormbringer
  1209 | D:4      | Noticed Grinder
  1224 | D:4      | Paralysed by Grinder for 5 turns
  1240 | Temple   | Gained mutation: Your system is resistant to poisons. (rPois) [potion of beneficial mutation]
  1241 | Temple   | Gained mutation: You are resistant to hostile enchantments. (MR+) [potion of beneficial mutation]
  1252 | D:4      | Killed Grinder
  1252 | D:4      | Reached XP level 4. HP: 26/32 MP: 1/7
  1252 | D:4      | Reached XP level 5. HP: 30/37 MP: 1/8
  1252 | D:4      | Reached XP level 6. HP: 35/43 MP: 1/9
  1260 | D:4      | Noticed Edmund
  1302 | D:4      | Killed Edmund
  1349 | D:4      | Reached skill level 5 in Transmutations
  1547 | D:3      | Reached XP level 7. HP: 32/48 MP: 6/10
  1677 | D:3      | Reached * piety under Qazlal
  1842 | D:2      | Found an opulent altar of Gozag.
  2185 | D:3      | Noticed Robin
  2220 | D:3      | Killed Robin
  2234 | D:3      | Reached skill level 3 in Dodging
  2293 | D:3      | Noticed Sigmund
  2309 | D:3      | Killed Sigmund
  2309 | D:3      | Reached skill level 4 in Dodging
  2361 | D:3      | Noticed Ijyb
  2371 | D:3      | Killed Ijyb
  2371 | D:3      | Reached skill level 5 in Dodging
  2410 | D:3      | Reached ** piety under Qazlal
  2799 | D:3      | Noticed somefaggot's ghost (amateur HuBe)
  2811 | D:3      | Killed somefaggot's ghost
  2811 | D:3      | Reached XP level 8. HP: 57/57 MP: 8/11
  2813 | D:3      | Found a bloodstained altar of Trog.
  2906 | D:3      | Reached skill level 6 in Dodging
  2939 | D:3      | Found a shattered altar of Ashenzari.
  3282 | D:4      | You fall through a shaft for 2 floors!
  3324 | D:5      | Entered Level 5 of the Dungeon
  3545 | D:6      | Reached skill level 7 in Dodging
  3733 | D:5      | Got a dazzling whip {vamp}
  3887 | D:6      | Reached skill level 8 in Dodging
  4270 | D:5      | Reached skill level 5 in Fighting
  4270 | D:5      | Reached skill level 9 in Dodging
  4296 | D:5      | Reached XP level 9. HP: 12/68 MP: 5/12
  4675 | D:4      | Reached *** piety under Qazlal
  4944 | D:4      | Found a glowing silver altar of Zin.
  5057 | D:5      | Found a blossoming altar of Fedhas.
  5303 | D:6      | Reached skill level 10 in Dodging
  5335 | D:6      | Noticed Eustachio
  5501 | D:5      | Learned a level 5 spell: Blade Hands
  5518 | D:6      | Killed Eustachio
  5564 | D:6      | Noticed Blork the orc
  5578 | D:6      | Killed Blork the orc
  6026 | D:7      | Reached skill level 11 in Dodging
  6767 | D:7      | Reached skill level 12 in Dodging
  7236 | D:7      | Reached XP level 10. HP: 79/79 MP: 9/13
  7295 | D:7      | Noticed an oklob plant
  7315 | D:7      | Reached skill level 1 in Evocations
  7589 | D:7      | Reached skill level 1 in Invocations
  7773 | D:8      | Reached **** piety under Qazlal
  8001 | D:8      | Found Beesunal's Jewellery Boutique.
  8050 | D:8      | Found a shadowy altar of Dithmenos.
  8664 | D:9      | You fall through a shaft for 2 floors!
  8714 | D:10     | Entered Level 10 of the Dungeon
  8718 | D:10     | Noticed Snorg
  8734 | D:10     | Killed Snorg
  8734 | D:10     | Reached skill level 5 in Invocations
  8734 | D:10     | Reached skill level 5 in Evocations
  8872 | D:10     | Learned a level 4 spell: Ice Form
  8872 | D:10     | Identified the +4 whip of the Present {vamp, rElec rF+ Stlth-} (You took it off a gnoll on level 5 of the Dungeon)
  8940 | D:10     | Found Sushaol's General Store.
  8953 | D:10     | Reached XP level 11. HP: 52/87 MP: 12/15
  8971 | D:10     | Noticed maxonian's ghost (journeyman FoEE)
  8983 | D:10     | Killed maxonian's ghost
  9317 | D:10     | Found a staircase to the Lair.
  9520 | D:9      | Noticed Psyche
  9524 | D:9      | Killed Psyche
  9524 | D:9      | HP: 4/87 [water moccasin skeleton (6)]
  9953 | D:9      | Found a bloodstained altar of Trog.
 10450 | D:10     | Found Boosmy's Antique Armour Shoppe.
 10476 | D:10     | Found Ximaucse's Assorted Antiques.
 10653 | D:10     | Found Someriel's Distillery.
 11118 | D:11     | Noticed a hill giant
 11120 | D:11     | Lost mutation: Your system is resistant to poisons. (rPois) [potion of cure mutation]
 11120 | D:11     | Lost mutation: You are resistant to hostile enchantments. (MR+) [potion of cure mutation]
 11124 | D:11     | HP: 3/89 [poisoned by a killer bee]
 11126 | D:11     | Succumbed to a killer bee's poison

Skill      XL: |  1  2  3  4  5  6  7  8  9 10 11 |
---------------+----------------------------------+-----
Unarmed Combat | 4 7 8 |  8.4
Transmutations | 5 6 8 |  8.1
Dodging        | 5 9 12 | 12.9
Fighting       | 2 5 7 8 9 |  9.2
Evocations     | 5 6 |  6.1
Invocations    | 6 |  6.6
Spellcasting   | |  2.0

Action                   |  1- 3 |  4- 6 |  7- 9 | 10-12 || total
-------------------------+-------+-------+-------+-------++-------
Melee: Unarmed           |    57 |    38 |   472 |   382 ||   949
       Punch             |       |       |     2 |     7 ||     9
 Cast: Spider Form       |     1 |     3 |    52 |    38 ||    94
Invok: Upheaval          |       |       |     1 |     1 ||     2
       Elemental Force   |       |       |       |     2 ||     2
 Abil: End Transformatio |       |       |       |     1 ||     1
Evoke: Wand              |       |       |       |     6 ||     6
  Use: Scroll            |     8 |       |     8 |    12 ||    28
       Potion            |     6 |       |     4 |     8 ||    18
 Stab: Sleeping          |     2 |     1 |       |       ||     3
  Eat: Chunk             |     1 |     1 |    26 |    34 ||    62
       Fruit             |       |       |     1 |       ||     1
       Meat ration       |       |       |       |     1 ||     1
Armor: Robe              |     9 |     2 |    12 |     4 ||    27
       Skin              |       |       |    14 |     6 ||    20
       Troll leather arm |       |       |       |     4 ||     4
Dodge: Dodged            |    44 |    28 |   399 |   462 ||   933
       Deflected         |       |       |       |     5 ||     5
Block: Other             |       |       |    53 |   111 ||   164
